 Dungeon Crawl Stone Soup version 0.16.1-11-g651b585 (webtiles) character file.

305 Nychthemeron the Gusty (level 6, -4/41 HPs)
             Began as a Human Air Elementalist on Apr 7, 2015.
             Slain by a worker ant (6 damage)
             ... on level 3 of the Dungeon.
             The game lasted 00:39:10 (6434 turns).

Nychthemeron the Gusty (Human Air Elementalist)     Turns: 6434, Time: 00:39:10

Health: -4/41      AC:  4    Str:  8    XL:     6   Next: 67%
Magic:  1/10       EV: 12    Int: 17    God:
Gold:   158        SH:  0    Dex: 14    Spells: 3 memorised, 4 levels left

rFire  . . .     SeeInvis .     a - +3 dagger (speed)
rCold  . . .     Clarity  .     u - +2 robe {MR+}
rNeg   . . .     SustAb   .     (no shield)
rPois  .         Gourm    .     (no helmet)
rElec  .         Spirit   .     (no cloak)
rCorr  .         Warding  .     (no gloves)
rMut   .         Stasis   .     (no boots)
MR     +....                    (no amulet)
Stlth  ++........               (no ring)
                                (no ring)

@: lethally poisoned (-4 -> -12), somewhat resistant to hostile enchantments,
unstealthy
A: no striking features
a: no special abilities


You were on level 3 of the Dungeon.
You were not hungry.

You visited 1 branch of the dungeon, and saw 4 of its levels.

You collected 158 gold pieces.

Inventory:

Hand weapons
 a - a +3 dagger of speed (weapon)
 q - a +0 dagger of speed
 t - a +0 dagger
Armour
 j - a +0 robe
 u - a +2 robe of magic resistance (worn)
Magical devices
 c - a wand of random effects (29)
Scrolls
 e - a scroll of teleportation
 n - a scroll of recharging
 s - 3 scrolls of remove curse
Potions
 f - a potion of heal wounds {unknown}
 i - 2 potions of restore abilities
 l - a potion of degeneration {unknown}
 m - a potion of curing {unknown}
 o - a potion of magic {unknown}
 p - a potion of cancellation {unknown}
 r - a potion of lignification {unknown}
Books
 b - a book of Air

   Spells                             Type                      Level
   a - Shock                          Conjuration/Air              1
   b - Swiftness                      Charms/Air                   2
   c - Repel Missiles                 Charms/Air                   2
   d - Flight                         Charms/Air                   3
   e - Static Discharge               Conjuration/Air              3
   f - Lightning Bolt                 Conjuration/Air              5
Comestibles
 k - a meat ration


   Skills:
 - Level 2.0 Dodging
 - Level 2.0 Stealth
 + Level 2.0 Spellcasting
 - Level 4.1 Conjurations
 - Level 3.4 Charms
 - Level 4.1 Air Magic


You had 4 spell levels left.
You knew the following spells:

 Your Spells              Type           Power        Failure   Level  Hunger
a - Shock                 Conj/Air       ###.         3%          1    #......
b - Repel Missiles        Chrm/Air       ##....       10%         2    ###....
c - Swiftness             Chrm/Air       ##......     10%         2    ###....


Dungeon Overview and Level Annotations

Branches:
Dungeon (4/15)
 Temple: D:4-7

Altars:
Kikubaaqudgha
Yredelemnul
The Shining One

Annotations:
D:4 Edmund


Message History

You feel sick.
You hit the worker ant.
The worker ant is moderately wounded.
The worker ant bites you.
* * * LOW HITPOINT WARNING * * *
You are more poisoned.
The worker ant poisons you!
You hit the worker ant.
The worker ant is moderately wounded.
* * * LOW HITPOINT WARNING * * *
You feel sick. The giant gecko misses you. The worker ant closely misses you.
You barely miss the worker ant.
The worker ant is moderately wounded.
The giant gecko bites you but does no damage.
The worker ant barely misses you.
You hit the giant gecko.
The giant gecko is severely wounded.
* * * LOW HITPOINT WARNING * * *
You feel sick. The giant gecko barely misses you. The worker ant bites you.
You die...

.# ##.........................)
.# ##...#...#....#.........#.. ##
###########....##........#.. .##
##..# ##..........[.....# ).#
#...## #............[.##.#
#)###.#..#######.............##.#
#.........#.....>....######.###.#
.)..........###[.a...# ##..###.#
..............).@..<.####..##...#
............#.#.l.............###
.<............#.................#
..).............)..^............#
.......[.....###................#
............##(..)##.##.........#
..................#..##..........
..#.........##.##................
##.................#.............


You could see a worker ant and a giant gecko.

Vanquished Creatures
  A hound (D:3)
  An orc priest (D:3)
  3 orc wizards
  A giant mite (D:3)
  4 adders
  3 worms
  15 orcs
  7 giant cockroaches
  2 gnoll zombies (D:3)
  11 goblins
  9 hobgoblins
  5 jackals
  2 quokkas (D:2)
  A ball python (D:2)
  13 bats
  2 giant geckos
  7 giant newts
  5 kobolds
  6 rats
98 creatures vanquished.

Notes
Turn   | Place    | Note
--------------------------------------------------------------
     0 | D:1      | Nychthemeron, the Human Air Elementalist, began the quest for the Orb.
     0 | D:1      | Reached XP level 1. HP: 13/13 MP: 3/3
   380 | D:1      | Reached XP level 2. HP: 19/19 MP: 1/4
  1138 | D:2      | Reached XP level 3. HP: 24/24 MP: 1/6
  1283 | D:2      | Learned a level 2 spell: Repel Missiles
  1773 | D:2      | Reached skill level 1 in Charms
  1773 | D:2      | Reached XP level 4. HP: 21/30 MP: 0/7
  2020 | D:2      | Found an ancient bone altar of Kikubaaqudgha.
  2722 | D:3      | Reached XP level 5. HP: 35/35 MP: 5/9
  4640 | D:3      | Reached XP level 6. HP: 41/41 MP: 1/10
  4728 | D:3      | Learned a level 2 spell: Swiftness
  4810 | D:3      | Found a glowing golden altar of the Shining One.
  4944 | D:3      | Found a basalt altar of Yredelemnul.
  4983 | D:3      | Reached skill level 4 in Air Magic
  6358 | D:4      | Noticed Edmund
  6434 | D:3      | HP: 2/41 [poisoned by a worker ant]
  6434 | D:3      | Slain by a worker ant

Action                   |  1- 3 |  4- 6 || total
-------------------------+-------+-------++-------
Melee: Dagger            |    13 |   123 ||   136
 Cast: Shock             |    80 |   241 ||   321
       Swiftness         |       |     1 ||     1
  Use: Scroll            |     3 |     8 ||    11
       Potion            |       |     1 ||     1
  Eat: Chunk             |     4 |    10 ||    14
       Bread ration      |       |     1 ||     1
       Meat ration       |       |     1 ||     1
       Beef jerky        |       |     1 ||     1
